 Dungeon Crawl Stone Soup version 0.26-a0-639-g72c4674329 (webtiles) character file.

Game seed: 9070692786839221922

33 Colgate the Grave Robber (level 3, 16/16 HPs)
             Began as a Vine Stalker Necromancer on Sept 17, 2020.
             Quit the game on level 1 of the Dungeon.
             The game lasted 00:13:25 (1084 turns).

Colgate the Grave Robber (Vine Stalker Necromancer) Turns: 1084, Time: 00:13:26

Health: 16/16      AC:  2    Str: 10    XL:     3   Next: 29%
Magic:  7/7        EV: 12    Int: 16    God:
Gold:   56         SH:  0    Dex: 14    Spells: 1/6 levels left

rFire    . . .     SeeInvis .   e - +0 whip
rCold    . . .     Faith    .   (no shield)
rNeg     . . .     Spirit   +   a - +0 robe
rPois    .         Reflect  .   (no helmet)
rElec    .         Harm     .   (no cloak)
rCorr    .         Rampage  .   (no gloves)
MR       .....                  (no boots)
Stlth    ++........             (no amulet)
HPRegen  0.05/turn              (no ring)
MPRegen  0.10/turn              (no ring)

@: no status effects
A: fangs 2, magic shield, antimagic bite, no potion heal 3, rot immunity
a: no special abilities


You were on level 1 of the Dungeon.
You visited 1 branch of the dungeon, and saw 1 of its levels.

You collected 56 gold pieces.

Inventory:

Hand Weapons
 e - a +0 whip (weapon)
Missiles
 b - 20 arrows
 f - 8 silver javelins (quivered)
Armour
 a - a +0 robe (worn)
 h - a +0 leather armour
Scrolls
 c - a scroll of blinking {unknown}
Potions
 d - a potion of curing {unknown}
 g - a potion of berserk rage {unknown}


   Skills:
 - Level 1.5 Dodging
 - Level 2.4 Stealth
 - Level 2.1 Spellcasting
 + Level 5.1 Necromancy


You had one spell level left.
You knew the following spells:

 Your Spells              Type           Power        Failure   Level
a - Pain                  Necr           ###.         2%          1
b - Animate Skeleton      Necr           ###...       2%          1
c - Vampiric Draining     Necr           ###.......   8%          3

Your spell library contained the following spells:

 Spells                   Type           Power        Failure   Level
 Animate Dead             Necr           ###.......   26%         4
 Agony                    Necr           ###.....     56%         5


Dungeon Overview and Level Annotations

Branches:
Dungeon (1/15)

Altars:


Innate Abilities, Weirdness & Mutations

You have extremely sharp teeth.
When hurt, damage is shared between your health and your magic reserves.
Your bite disrupts and absorbs the magic of your enemies.
Potions cannot restore your health.
You are immune to rotting.


Message History

Aim: a giant cockroach
Okay, then.
You hit the giant cockroach.
The giant cockroach is severely wounded.
The giant cockroach misses you.
You hit the giant cockroach.
You kill the giant cockroach!
Your ball python skeleton crumbles into dust!
A bat comes into view.
The helpless bat fails to defend itself.
You hit the bat but do no damage. The bat hits you but does no damage.
You miss the bat. The bat hits you. The bat hits you but does no damage.
The bat barely misses you.
You closely miss the bat. Your bite misses the bat. The bat barely misses you.
The bat hits you.
You hit the bat. You bite the bat.
You kill the bat!
A frilled lizard comes into view.
Found 16 stones.
Are you sure you want to abandon this character and quit the game? (Confirm with "yes".)

#.#########.##############.#.#
#.# #.# #.... #.# #.#### #.###
#Z# #.#..# #.# #.#
#.#..###########.# #.#
#.#..............# #.#
#.#.############## #.# #.#.#
#.#########.#@#
#...........#..l...(.
#############.####### ###


You could see a frilled lizard (asleep).

Vanquished Creatures
  5 dart slugs (D:1)
  2 ball pythons (D:1)
  2 giant cockroaches (D:1)
  A goblin (D:1)
  4 hobgoblins (D:1)
  2 jackals (D:1)
  4 bats (D:1)
  A frilled lizard (D:1)
  2 rats (D:1)
23 creatures vanquished.

Vanquished Creatures (collateral kills)
  A kobold (D:1)
1 creature vanquished.

Grand Total: 24 creatures vanquished

Notes
Turn   | Place    | Note
-------+----------+-------------------------------------------
     0 | D:1      | Colgate the Vine Stalker Necromancer began the quest for
                  | the Orb.
     0 | D:1      | Reached XP level 1. HP: 9/9 MP: 4/4
     2 | D:1      | Learned a level 1 spell: Animate Skeleton
   141 | D:1      | Reached XP level 2. HP: 8/13 MP: 4/6
   605 | D:1      | Reached XP level 3. HP: 10/16 MP: 0/7
   826 | D:1      | Learned a level 3 spell: Vampiric Draining
   829 | D:1      | Reached skill level 5 in Necromancy
  1084 | D:1      | Quit the game

Illustrated notes

Levels and vault maps discovered:
D:1:      dpeg_arrival_long_road, layout_basic, serial_park_tiny_pond

Skill      XL: |  1  2  3 |
---------------+----------+-----
Necromancy     | 5 |  5.1
Dodging        | |  1.5
Stealth        | |  2.4
Spellcasting   | |  2.1

Action                   || total
-------------------------++-------
Melee: Unarmed           ||    18
       Bite              ||     6
       Whip              ||     6
 Cast: Pain              ||    28
       Animate Skeleton  ||     8
 Stab: Sleeping          ||     1
Armor: Robe              ||     2
Dodge: Dodged            ||     8

Table legend: (Time is in decaauts)
 A = Elapsed time spent in this place.
 B = Non-inter-level travel time spent in this place.
 C = Inter-level travel time spent in this place.
 D = Time resting spent in this place.
 E = Time spent auto-exploring this place.
 F = Levels seen in this place.
 G = Mean time per level.
                   A        B        C        D        E       F      G
               +--------+--------+--------+--------+--------+-----+--------+
         Total |   1095 |   1095 |      0 |    216 |    702 |   1 | 1095.0 |
       Dungeon |   1095 |   1095 |      0 |    216 |    702 |   1 | 1095.0 |
               +--------+--------+--------+--------+--------+-----+--------+

Top non-repeatable levels by time:
     D:1: 1095 daAuts
